 Dungeon Crawl Stone Soup version 0.31.0-32-g396128a36d (webtiles) character file.

Game seed: 12843624909974800907

11727 PaiMei the Artisan of Death (level 11, -2/89 HPs)
             Began as a Demonspawn Necromancer on Apr 16, 2024.
             Was a Priest of Kikubaaqudgha.
             Slain by Erica
             ... wielding a +4 scimitar of flaming
              (16 damage)
             ... on level 11 of the Dungeon.
             The game lasted 00:29:29 (15529 turns).

PaiMei the Artisan of Death (DsNe)                 Turns: 15529, Time: 00:29:29

Health: -2/89      AC: 13    Str:  9    XL:     11   Next: 53%
Magic:  0/23       EV: 11    Int: 25    God:    Kikubaaqudgha [***...]
Gold:   578        SH:  5    Dex: 17    Spells: 12/27 levels left

rFire   + . .        z - +8 mace of Patterns {pain, rN++ Dex+3}
rCold   . . .        (no shield)
rNeg    + + .        c - +2 ring mail {rF+}
rPois   .            Q - +0 helmet
rElec   .            H - +0 cloak
rCorr   .            R - +0 pair of gloves
SInv    .            (no boots)
Will    +....        x - amulet of reflection
Stlth   ++           w - +6 ring of intelligence
HPRegen 0.34/turn    F - ring of willpower
MPRegen 0.36/turn

%: reflection, guardian spirit
@: mighty, attractive, constricted
A: icy blue scales 2, magic shield, magic regeneration, demonic magic 1,
weakness stinger 2, evolution 1
a: Renounce Religion, Unearth Wretches


You were on level 11 of the Dungeon.
You worshipped Kikubaaqudgha.
Kikubaaqudgha was most pleased with you.
You visited 2 branches of the dungeon, and saw 12 of its levels.
You also visited: Bailey.

You collected 578 gold pieces.

Inventory:

Hand Weapons
 z - the +8 mace of Patterns (weapon) {pain, rN++ Dex+3}
   (You found it on level 5 of the Dungeon)

   Dex+3:     It affects your dexterity (+3).
   rN++:      It greatly protects you from negative energy.
 A - the +6 spear of the Vine {protect, Int+2}
   (You found it on level 5 of the Dungeon)

   Int+2:     It affects your intelligence (+2).
Missiles
 K - 43 poisoned darts
 T - a curare-tipped dart
Armour
 c - a +2 ring mail of fire resistance (worn)
 C - the +0 chain mail "Coguok" {Dex+4}
   (You found it on level 6 of the Dungeon)

   Dex+4:     It affects your dexterity (+4).
 H - a +0 cloak (worn)
 Q - a +0 helmet (worn)
 R - a +0 pair of gloves (worn)
 U - a +0 troll leather armour
Magical Staves
 B - a staff of death
Jewellery
 q - an amulet of faith
 u - a ring of ice
 w - a +6 ring of intelligence (left hand)
 x - an amulet of reflection (around neck)
 F - a ring of willpower (right hand)
 J - a ring of fire
 M - a ring of willpower
 V - a ring of flight
Wands
 p - a wand of roots (6)
 G - a wand of mindburst (14)
 S - a wand of charming (1)
Scrolls
 f - 2 scrolls of enchant weapon {unknown}
 g - a scroll of teleportation {unknown}
 h - 13 scrolls of identify
 i - a scroll of torment {unknown}
 k - 5 scrolls of poison
 l - 3 scrolls of fog
 m - 3 scrolls of noise {unknown}
 o - a scroll of immolation {unknown}
 t - 2 scrolls of blinking {unknown}
 y - 2 scrolls of amnesia {unknown}
 E - a scroll of brand weapon {unknown}
 I - 6 scrolls of revelation
 L - 4 scrolls of fear {unknown}
 O - 2 scrolls of summoning {unknown}
Potions
 a - 3 potions of lignification {unknown}
 b - 4 potions of magic
 d - a potion of haste {unknown}
 e - 3 potions of mutation
 n - a potion of enlightenment {unknown}
 r - a potion of degeneration {unknown}
 s - 2 potions of attraction
 v - a potion of might
 D - a potion of berserk rage {unknown}
 N - a potion of resistance {unknown}
 P - a potion of heal wounds {unknown}


   Skills:
 + Level 9.1 Fighting
 + Level 8.7 Dodging
 - Level 2.4 Stealth
 + Level 8.8 Spellcasting
 + Level 11.1 Necromancy


You had 12 spell levels left.
You knew the following spells:

 Your Spells              Type           Power      Damage    Failure   Level
a - Necrotise             Necr           100%       1d9       1%          1
b - Vampiric Draining     Necr           61%        2d10      1%          3
c - Animate Dead          Necr           61%        N/A       1%          4
d - Curse of Agony        Necr           61%        N/A       4%          5
e - Sublimation of Blood  Necr           61%        N/A       1%          2

Your spell library contained the following spells:

 Spells                   Type           Power      Damage    Failure   Level
 Dispel Undead            Necr           61%        3d21      1%          4
 Anguish                  Hex/Necr       19%        N/A       16%         4
 Borgnjor's Vile Clutch   Necr/Erth      19%        N/A       41%         5
 Stone Arrow              Conj/Erth      22%        3d8       43%         3
 Tukima's Dance           Hex            11%        N/A       43%         3
 Volatile Blastmotes      Fire/Tloc      22%        2d11      43%         3
 Animate Armour           Summ/Erth      22%        N/A       83%         4
 Dimensional Bullseye     Hex/Tloc       5%         N/A       83%         4
 Fulminant Prism          Conj/Alch      5%         3d7       83%         4
 Iskenderun's Mystic Bla  Conj/Tloc      11%        2d4       83%         4
 Lehudib's Crystal Spear  Conj/Erth      5%         10d3      100%        8


Dungeon Overview and Level Annotations

Branches:
Dungeon (11/15)            Temple (1/1) D:6          Bailey (visited)
   Lair: D:8-11         Orc: D:9-12

Altars:
Ashenzari
Cheibriados
Dithmenos
Fedhas
Gozag
Hepliaklqana
Kikubaaqudgha
Makhleb
Nemelex Xobeh
Okawaru
Qazlal
Ru
Sif Muna
Trog
Uskayaw
Vehumet
Wu Jian
Xom
Yredelemnul

Shops:
D:1 (   D:6 [   D:8 (

Annotations:
D:2 Sigmund
D:11 Erica


Innate Abilities, Weirdness & Mutations

You are mostly covered in icy blue scales. (AC +3)
When hurt, damage is shared between your health and your magic reserves.
You regenerate magic rapidly.
Spells you cast may paralyse adjacent enemies.
You have a tail ending in a sharp stinger.
You have hidden genetic potential.


Message History

Erica stares at you and mumbles some strange words.
The bolt of poison hits you!
You are poisoned.
* * * LOW HITPOINT WARNING * * *
Erica constricts you.
* * * LOW HITPOINT WARNING * * *
Okay, then.
Aiming: Charm
Press: ? - help, Shift-Dir - straight line, f/p - Erica
Aim: Erica, wielding a +4 scimitar of flaming and wearing a ring of positive energy (black smoke, lightly wounded, constricting you, chance to affect: 17%)
Okay, then.
Unknown command.
It was a potion of mutation.
You feel extremely strange.
You feel a hidden potential growing inside you.
* * * LOW HITPOINT WARNING * * *
You feel very sick. Erica closely misses you. Erica constricts you.
Okay, then.
You feel better.
Erica hits you with a +4 scimitar of flaming!
* * * LOW HITPOINT WARNING * * *
Erica burns you.
* * * LOW HITPOINT WARNING * * *
Erica constricts you.
* * * LOW HITPOINT WARNING * * *
It was a potion of attraction.
You feel attractive to monsters.
Erica hits you with a +4 scimitar of flaming!
* * * LOW HITPOINT WARNING * * *
Erica constricts you.
You feel better.
Erica casts a spell.
Erica flickers and vanishes!
Deactivating autopickup; reactivate with Ctrl-A.
You are constricted.
It was a potion of might.
You feel very mighty all of a sudden. Something hits you!
You die...
Kikubaaqudgha rasps: "You have failed me!
Welcome... death!"

...............# #
...........#####.#
...........#...#.#
...........#.....# .
.....##......).######
x.
..#.................#
#.!
..#.....##.##....§##...
..<...
#.##.###§##.##### .....
#.#..§§@{§....... ....
#.######§§######. ...
#.# #§§# ... #..# #..#
#..# #..# #..# ...#


There were no monsters in sight!

Vanquished Creatures
  An orc knight (Bailey)
  A cyclops (D:11)
  Joseph (D:9)
  A gargoyle (D:10)
  Jeremiah (D:8)
  A kobold demonologist (D:8)
  A komodo dragon (D:10)
  Psyche (D:7)
  4 trolls
  A shadow (D:10)
  22 yaks
  Eustachio (D:4)
  A wraith (D:11)
  Grum (D:8)
  2 vampire mosquitoes
  A steam dragon (D:9)
  An acid dragon (D:11)
  9 orc warriors
  An ice beast (D:5)
  A black bear (D:7)
  3 wolves
  A centaur (D:6)
  A phantom (D:3)
  6 kobold brigands
  A bullfrog (D:6)
  A gnoll sergeant (D:8)
  2 scorpions (D:4)
  9 wights (D:9)
  4 killer bees (D:7)
  6 bombardier beetles
  6 hounds
  8 orc priests
  2 jellies (D:8)
  A gnoll bouda (D:9)
  Jessica (D:3)
  3 iguanas (D:5)
  4 sleepcaps
  9 orc wizards
  12 gnolls
  6 adders
  A shadow imp (D:7)
  2 white imps
  2 ufetubi (D:7)
  3 dart slugs
  A ribbon worm (D:3)
  34 orcs
  2 endoplasms
  4 giant cockroaches
  10 goblins
  7 hobgoblins
  10 jackals
  32 kobolds
  A quokka (D:1)
  7 ball pythons
  3 frilled lizards
  2 rats (D:2)
260 creatures vanquished.

Vanquished Creatures (collateral kills)
  An orc warrior (Bailey)
  A giant cockroach (D:1)
  A frilled lizard (D:1)
  A kobold (Bailey)
4 creatures vanquished.

Vanquished Creatures (others)
  An orc zombie (Bailey)
  A gnoll zombie (Bailey)
2 creatures vanquished.

Grand Total: 266 creatures vanquished

Notes
Turn   | Place    | Note
-------+----------+-------------------------------------------
     0 | D:1      | PaiMei the Demonspawn Necromancer began the quest for the
                  | Orb.
     0 | D:1      | Reached XP level 1. HP: 13/13 MP: 3/3
   343 | D:1      | Gained mutation: You have a small tail. [demonic ancestry]
   343 | D:1      | Reached XP level 2. HP: 19/19 MP: 1/5
   577 | D:1      | Noticed a shining eye
   634 | D:1      | Found a faded altar of an unknown god.
   635 | D:1      | Noticed a golden eye
   637 | D:1      | Noticed a glass eye
   637 | D:1      | Noticed a golden eye
   819 | D:1      | Gained mutation: You are partially covered in icy blue
                  | scales. (AC +2) [demonic ancestry]
   819 | D:1      | Reached XP level 3. HP: 24/24 MP: 0/6
   909 | D:1      | Found Kofen's Weapon Emporium.
  1581 | D:2      | Noticed Sigmund
  1711 | D:3      | Learned a level 3 spell: Vampiric Draining
  1793 | D:3      | Found a stormy altar of Qazlal.
  2100 | D:3      | Noticed Jessica
  2106 | D:3      | Killed Jessica
  2107 | D:3      | Gained mutation: Spells you cast may paralyse adjacent
                  | enemies. [demonic ancestry]
  2107 | D:3      | Reached XP level 4. HP: 31/31 MP: 2/8
  2286 | D:3      | Reached skill level 1 in Fighting
  2286 | D:3      | Reached skill level 5 in Necromancy
  2655 | D:4      | Noticed a phantom
  2732 | D:4      | Reached XP level 5. HP: 34/37 MP: 2/9
  2900 | D:4      | Noticed Eustachio
  2969 | D:3      | Killed a phantom
  2970 | D:3      | Reached XP level 6. HP: 38/44 MP: 10/10
  3053 | D:4      | Killed Eustachio
  3319 | D:4      | Reached skill level 6 in Necromancy
  3319 | D:4      | Gained mutation: You regenerate magic rapidly. [demonic
                  | ancestry]
  3319 | D:4      | Reached XP level 7. HP: 46/50 MP: 2/12
  3507 | D:4      | Found an ornate altar of the Wu Jian Council.
  3654 | D:5      | Entered Level 5 of the Dungeon
  3665 | D:5      | Found a sacrificial altar of Ru.
  4934 | D:5      | Identified the +6 spear of the Vine {protect, Int+2}
  5189 | D:5      | Identified the +8 mace of Patterns {pain, rN++ Dex+3}
  5283 | D:5      | Gained mutation: When hurt, damage is shared between your
                  | health and your magic reserves. [demonic ancestry]
  5283 | D:5      | Reached XP level 8. HP: 60/60 MP: 10/14
  5543 | D:6      | Found a staircase to the Ecumenical Temple.
  5551 | D:6      | Reached skill level 7 in Necromancy
  5554 | D:6      | Identified the +0 chain mail "Coguok" {Dex+4}
  5558 | Temple   | Entered the Ecumenical Temple
  5564 | Temple   | Became a worshipper of Kikubaaqudgha
  5977 | D:6      | Found Qular's Armour Shoppe.
  6178 | D:6      | Reached skill level 5 in Spellcasting
  6363 | D:7      | Reached skill level 5 in Dodging
  6577 | D:7      | Reached skill level 5 in Fighting
  7328 | D:8      | Gained mutation: You have a tail ending in a sharp stinger.
                  | [demonic ancestry]
  7328 | D:8      | Reached XP level 9. HP: 68/68 MP: 12/17
  7424 | D:8      | Noticed Grum
  7433 | D:8      | Reached * piety under Kikubaaqudgha
  7433 | D:8      | Received a gift from Kikubaaqudgha
  7434 | D:8      | Reached skill level 8 in Necromancy
  7653 | D:8      | Found a flagged portal.
  7663 | Bailey   | Entered a bailey
  7678 | Bailey   | Learned a level 4 spell: Animate Dead
  7684 | Bailey   | Learned a level 5 spell: Curse of Agony
  7687 | Bailey   | Learned a level 2 spell: Sublimation of Blood
  7692 | Bailey   | Noticed an orc warlord
  7826 | Bailey   | Noticed an orc knight
  7846 | Bailey   | Identified the ring "Fuucopp" {Fly rPois rC+ Str-5 Int+2}
  7941 | Bailey   | Found a runed translucent gate.
  7941 | Bailey   | Found a runed translucent gate.
  7941 | Bailey   | Found a runed translucent gate.
  7959 | Bailey   | Killed an orc knight
  8811 | D:8      | Noticed Psyche
  8815 | D:8      | Found Sanyosse's Weapon Emporium.
  8815 | D:8      | Noticed Jeremiah
  8827 | D:7      | Killed Psyche
  9006 | D:7      | Reached skill level 9 in Necromancy
  9680 | D:8      | Killed Grum
  9915 | D:8      | Gained mutation: You are mostly covered in icy blue scales.
                  | (AC +3) [demonic ancestry]
  9915 | D:8      | Reached XP level 10. HP: 74/77 MP: 15/20
 10082 | D:8      | Killed Jeremiah
 10472 | D:8      | Identified the +1 robe of Chimes {Rampage rCorr MP-9 Int+4}
 10918 | D:8      | Reached ** piety under Kikubaaqudgha
 11150 | D:9      | Noticed an orange demon
 11849 | D:9      | Reached skill level 10 in Necromancy
 13440 | D:9      | Noticed Joseph
 13448 | D:9      | Killed Joseph
 13449 | D:9      | Reached XP level 11. HP: 83/87 MP: 13/23
 13625 | D:10     | Entered Level 10 of the Dungeon
 14373 | D:10     | Reached *** piety under Kikubaaqudgha
 14373 | D:10     | Received a gift from Kikubaaqudgha
 14601 | D:10     | Found a snail-covered altar of Cheibriados.
 14601 | D:10     | Found a bloodstained altar of Trog.
 14603 | D:10     | Found a basalt altar of Yredelemnul.
 15323 | D:11     | Reached skill level 11 in Necromancy
 15510 | D:11     | Noticed Erica
 15525 | D:11     | Gained mutation: You have hidden genetic potential. [potion
                  | of mutation]
 15529 | D:11     | Slain by Erica

Illustrated notes

Levels and vault maps discovered:
D:1:      saegor_arrival_simple_b, layout_rooms,
          hellmonk_ecumenical_altar_watching_god, serial_shops,
          nicolae_shop_real_fake_doors
D:2:      layout_basic, serial_forest, infiniplex_forest_straight_5,
          infiniplex_forest_end_1, infiniplex_forest_clump_double,
          infiniplex_forest_lined_2, infiniplex_forest_end_3,
          infiniplex_forest_lined_1, infiniplex_forest_lined_room_3,
          infiniplex_forest_zigzag_1, uniq_sigmund
D:3:      layout_basic, grunt_qazlal_sundering, minmay_misc_feat_five,
          corexii_hall_statues_s, uniq_jessica
D:4:      layout_rooms, nzn_wu_jian_contemplation, uniq_eustachio
D:5:      layout_basic, old_standard_altar, hangedman_decor_slide_cut
D:6:      layout_loops_ring, minmay_temple_entry_grid, serial_shops, shop,
          minmay_circle_x
D:7:      layout_loops_cross
D:8:      layout_basic, serial_shops, shop, enter_bailey_2, uniq_grum,
          uniq_psyche, uniq_jeremiah
D:9:      layout_loops_ring, uniq_joseph
D:10:     layout_rooms, gammafunk_temple_overflow_claw
D:11:     layout_basic, lair_entry_dummy, erik_orc_3, regret_index_xom_of_box,
          uniq_erica, uniq_fannar
Temple:   kb_temple_of_zot

Skill      XL: |  1  2  3  4  5  6  7  8  9 10 11 |
---------------+----------------------------------+-----
Dodging        | 2 3 4 5 6 8 |  8.7
Stealth        | 2 |  2.4
Fighting       | 1 2 3 5 6 8 9 |  9.1
Necromancy     | 5 6 7 9 10 11 | 11.1
Spellcasting   | 3 4 5 6 8 |  8.8

Action                     |  1- 3 |  4- 6 |  7- 9 | 10-12 || total
---------------------------+-------+-------+-------+-------++-------
  Melee: Unarmed           |    21 |       |       |       ||    21
         Dagger            |    12 |    47 |    40 |       ||    99
         Tailslap          |     1 |     8 |    26 |    34 ||    69
         Mace              |       |       |    98 |   193 ||   291
         Punch             |       |       |     1 |     5 ||     6
   Cast: Necrotise         |    66 |    46 |   112 |    32 ||   256
         Vampiric Draining |       |     1 |    70 |    87 ||   158
         Curse of Agony    |       |       |     1 |     4 ||     5
         Animate Dead      |       |       |     1 |       ||     1
  Evoke: Wand              |       |       |     1 |     4 ||     5
    Use: Potion            |       |       |     2 |     7 ||     9
         Scroll            |       |       |     2 |     1 ||     3
   Stab: Paralysed         |       |     4 |    24 |    39 ||    67
 Armour: Robe              |     8 |       |       |       ||     8
         Ring mail         |    19 |    38 |   158 |   191 ||   406
  Dodge: Dodged            |    29 |    30 |   161 |   130 ||   350
  Block: Other             |       |       |    46 |    53 ||    99
         Reflection        |       |       |     4 |     1 ||     5
